 Dungeon Crawl Stone Soup version 0.24-a0-408-gcc1054c7ca (webtiles) character file.

Game seed: 892538630285593692

547 Amnesiac the Changer (level 7, -5/43 HPs)
             Began as an Octopode Transmuter on June 5, 2019.
             Slain by an ice beast (13 damage)
             ... on level 6 of the Dungeon.
             The game lasted 00:07:50 (2378 turns).

Amnesiac the Changer (Octopode Transmuter)          Turns: 2378, Time: 00:07:50

Health: -5/43      AC:  2    Str:  9    XL:     7   Next: 28%
Magic:  10/10      EV: 12    Int: 15    God:
Gold:   197        SH:  8    Dex: 15    Spells: 4/10 levels left

rFire    . . .     SeeInvis .   f - +1 dagger (elec)
rCold    . . .     Gourm    .   h - +0 shield
rNeg     . . .     Faith    .   (helmet restricted)
rPois    .         Spirit   .   t - amulet of magic regeneration
rElec    .         Reflect  .   d - +1 ring of protection
rCorr    .         Harm     .   b - ring of stealth
MR       .....                  r - +1 ring of evasion
Stlth    +++.......             (no ring)
HPRegen  0.14/turn              (no ring)
MPRegen  0.37/turn              (no ring)
                                (no ring)
                                (no ring)

@: no status effects
A: almost no armour, stealthy swim, amphibious, 8 rings, constrict 8, camouflage
1, gelatinous body 1
a: no special abilities


You were on level 6 of the Dungeon.
You were not hungry.

You visited 1 branch of the dungeon, and saw 7 of its levels.

You collected 197 gold pieces.

Inventory:

Hand Weapons
 f - a +1 dagger of electrocution (weapon)
 g - a +0 whip of draining
Missiles
 a - 37 arrows
 l - a throwing net
 o - 15 poisoned darts (quivered)
Armour
 h - a +0 shield (worn)
Jewellery
 b - a ring of stealth (right tentacle)
 d - a +1 ring of protection (left tentacle)
 j - an uncursed amulet of harm
 r - a +1 ring of evasion (on tentacle)
 t - an amulet of magic regeneration (around mantle)
Wands
 k - a wand of acid (9)
 p - a wand of random effects (18)
Scrolls
 q - a scroll of remove curse {!r}
 u - a scroll of amnesia {!r, unknown}
Potions
 e - a potion of magic {!q, unknown}
 i - a potion of heal wounds {!q}
 m - a potion of invisibility {!q}
 n - a potion of might {!q}
Comestibles
 c - 7 rations
 s - a chunk of flesh


   Skills:
 - Level 1.0 Fighting
 - Level 2.0 Dodging
 + Level 3.2 Shields
 + Level 5.2 Unarmed Combat
 - Level 2.0 Spellcasting
 + Level 5.3 Transmutations


You had 4 spell levels left.
You knew the following spells:

 Your Spells              Type           Power        Failure   Level  Hunger
a - Beastly Appendage     Tmut           ###...       12%         1    #......
b - Sticks to Snakes      Tmut           ###.....     17%         2    ###....
c - Spider Form           Tmut/Pois      #.........   71%         3    ###....

Your spell library contained the following spells:

 Spells                   Type           Power        Failure   Level  Hunger
 Ice Form                 Ice/Tmut       #.......     98%         4    #####..
 Blade Hands              Tmut           ###.......   97%         5    ######.


Dungeon Overview and Level Annotations

Branches:
Dungeon (7/15)
 Temple: D:4-7

Altars:


Innate Abilities, Weirdness & Mutations

You cannot wear most types of armour.
You are very stealthy in the water. (Stealth+)
You are amphibious.
You can wear up to eight rings at the same time.
You can use your tentacles to constrict eight enemies at once.
Your skin changes colour to match your surroundings (Stealth+).
Your rubbery body absorbs attacks. (AC +1, EV +1)


Message History

The gnoll is moderately wounded.
The gnoll hits you!
* * * LOW HITPOINT WARNING * * *
The gnoll hits you with a cursed -2 whip.
* * * LOW HITPOINT WARNING * * *
You hit the gnoll. Lightning courses through the gnoll!
You kill the gnoll!
You block the gnoll's attack.
You barely miss the gnoll. You grab the gnoll. You squeeze the gnoll.
The gnoll is moderately wounded.
You constrict the gnoll, but do no damage.
The gnoll closely misses you.
You hit the gnoll. Lightning courses through the gnoll!
You kill the gnoll!
You closely miss the gnoll. You grab the gnoll. You constrict the gnoll.
The gnoll hits you.
* * * LOW HITPOINT WARNING * * *
You are too injured to fight recklessly!
You are too injured to fight recklessly!
You are too injured to fight recklessly!
You are too injured to fight recklessly!
You are too injured to fight recklessly!
You hit the gnoll but do no damage. You squeeze the gnoll.
The gnoll is heavily wounded.
You constrict the gnoll. You block the gnoll's attack.
You hit the gnoll but do no damage.
The gnoll is almost dead.
You constrict the gnoll. The gnoll hits you.
* * * LOW HITPOINT WARNING * * *
The gnoll misses you.
You hit the gnoll.
You kill the gnoll!
You now have 180 gold pieces (gained 21).
j - an uncursed amulet of harm
Things that are here:
a +0 club; a +0 robe You are no longer glowing.
o - 15 poisoned darts (gained 12);
u - a scroll labeled USUUNI RODDUE {!r} You see here a cursed -2 whip.
Things that are here:
a +0 club; a +0 robe You hear the slow rusting of a distant drain.
You now have 197 gold pieces (gained 17).
An ice beast comes into view.
Casting: Sticks to Snakes (safe; 17% risk of failure)
Confirm with . or Enter, or press ? or * to list all spells.
You create a snake!
You now have 37 arrows.
An orc warrior comes into view. It is wielding a -1 morningstar.
An orc comes into view.
The helpless ice beast fails to defend itself.
You hit the ice beast.
Lightning courses through the ice beast!
The ice beast is severely wounded.
The orc shouts!
The orc warrior shouts!
You hear a shout! x2
An orc comes into view. It is wielding a +0 dagger.
You block the ice beast's attack.
An orc comes into view. It is wielding a +0 mace.
A bullfrog comes into view.
You barely miss the ice beast. You squeeze the ice beast!
The ice beast is almost dead.
The ice beast hits you.
* * * LOW HITPOINT WARNING * * *
The ice beast freezes you!
You die...

.## ## #.....# . # #.....
......#.#. #####.....
#..F..#... .......... #
.....ooo. ........##...
.........
........##.######....o...
.....................#.##
........##.#....@YS......
........##.##.####.#.....
#.#.#..###.#..# .# ...
#..)##..##...## .# #
##.)###......# .#
##..######...## .#
.....###......# .#
#........##...# .#
.......#####......


You could see an orc warrior, an ice beast, a bullfrog, 3 orcs and a friendly
adder.

Vanquished Creatures
  An ogre (D:4)
  3 bullfrogs
  A howler monkey (D:4)
  A gnoll shaman (D:6)
  A bullfrog skeleton (D:3)
  An orc wizard (D:4)
  Ijyb (D:3)
  A worker ant (D:4)
  A killer bee zombie (D:6)
  A hound zombie (D:6)
  4 gnolls
  2 worms
  2 dart slugs
  2 leopard geckos
  3 orcs (D:4)
  8 hobgoblins
  5 kobolds
  A quokka (D:5)
  3 ball pythons
  3 bats
  A frilled lizard (D:3)
  6 goblins
  2 rats
54 creatures vanquished.

Notes
Turn   | Place    | Note
-------+----------+-------------------------------------------
     0 | D:1      | Amnesiac the Octopode Transmuter began the quest for the
                  | Orb.
     0 | D:1      | Reached XP level 1. HP: 13/13 MP: 3/3
   281 | D:1      | Reached XP level 2. HP: 3/18 MP: 5/5
   596 | D:1      | You fall into a shaft and drop 1 floor!
   966 | D:1      | Reached XP level 3. HP: 17/23 MP: 6/6
   983 | D:1      | Learned a level 2 spell: Sticks to Snakes
   987 | D:1      | Learned a level 3 spell: Spider Form
  1323 | D:3      | Reached XP level 4. HP: 24/28 MP: 7/7
  1500 | D:4      | Noticed an ogre
  1509 | D:4      | Killed an ogre
  1509 | D:4      | Reached skill level 1 in Shields
  1509 | D:4      | Reached XP level 5. HP: 30/33 MP: 3/8
  1653 | D:3      | Noticed Ijyb
  1658 | D:3      | Killed Ijyb
  1658 | D:3      | Reached XP level 6. HP: 36/38 MP: 6/9
  1701 | D:5      | Entered Level 5 of the Dungeon
  2263 | D:6      | Reached skill level 5 in Unarmed Combat
  2263 | D:6      | Reached skill level 5 in Transmutations
  2263 | D:6      | Reached XP level 7. HP: 23/43 MP: 10/10
  2378 | D:6      | Slain by an ice beast

Levels and vault maps discovered:
D:1:      roderic_octagonal_star, layout_basic
D:2:      layout_rooms, marbit_many_paths, hangedman_decor_clover_reticule
D:3:      layout_rooms, minmay_stone_trees_medium, kennysheep_generic_room_5,
          uniq_robin, uniq_ijyb
D:4:      layout_basic
D:5:      layout_loops_ring, old_standard_altar, gammafunk_temple_of_torment,
          minmay_temple_entry_butterflies, first_ration, minmay_quadrilaterals,
          uniq_sigmund
D:6:      layout_rooms, trog_ov_bears_minmay, gup_sewer_entry_bubbles
D:7:      layout_rooms

Skill      XL: |  1  2  3  4  5  6  7 |
---------------+----------------------+-----
Transmutations | 3 4 5 |  5.3
Shields        | 1 2 3 |  3.2
Unarmed Combat | 4 5 |  5.2
Fighting       | |  1.0
Dodging        | |  2.0
Spellcasting   | |  2.0

Action                   |  1- 3 |  4- 6 |  7- 9 || total
-------------------------+-------+-------+-------++-------
Melee: Unarmed           |     9 |       |       ||     9
       Constrict         |    13 |    13 |     6 ||    32
       Tentacles         |     9 |    10 |     7 ||    26
       Whip              |    15 |       |       ||    15
       Dagger            |    32 |    57 |    21 ||   110
       Punch             |       |     1 |     1 ||     2
 Cast: Sticks to Snakes  |       |     4 |     1 ||     5
  Use: Scroll            |     3 |     2 |     2 ||     7
       Potion            |       |     2 |       ||     2
 Stab: Sleeping          |     2 |     1 |     1 ||     4
       Distracted        |       |     1 |       ||     1
  Eat: Chunk             |     1 |     3 |     1 ||     5
Armor: Skin              |     5 |     3 |     2 ||    10
Dodge: Dodged            |    33 |    26 |     8 ||    67
Block: Shield            |     8 |    15 |    10 ||    33

Table legend:
 A = Non-vault XP
 B = Vault XP
 C = Vault XP percentage of total XP
 D = Non-vault monster count
 E = Vault monster count
 F = Vault count percentage of total count
                 A         B        C        D         E       F
            +---------+---------+-------+---------+---------+-------
      Total |     748 |      34 |   4.3 |      53 |       1 |   1.9
            +---------+---------+-------+---------+---------+-------
        D:1 |      29 |       0 |   0.0 |      15 |       0 |   0.0
        D:2 |      20 |       0 |   0.0 |      10 |       0 |   0.0
        D:3 |      44 |      34 |  43.6 |       6 |       1 |  14.3
        D:4 |     344 |       0 |   0.0 |      11 |       0 |   0.0
        D:5 |      91 |       0 |   0.0 |       3 |       0 |   0.0
        D:6 |     220 |       0 |   0.0 |       8 |       0 |   0.0
            +---------+---------+-------+---------+---------+-------
